 Dungeon Crawl Stone Soup version 0.20.1-1-g8b1a95d (console) character file.

79 hilaritas the Slasher (level 4, -2/28 HPs)
             Began as a Tengu Fighter on Oct 22, 2017.
             Slain by an ogre
             ... wielding a +0 giant club
              (10 damage)
             ... on level 3 of the Dungeon.
             The game lasted 00:03:25 (1983 turns).

hilaritas the Slasher (Tengu Fighter)               Turns: 1983, Time: 00:03:26

Health: -2/28      AC:  6    Str: 23    XL:     4   Next: 38%
Magic:  5/5        EV:  7    Int:  8    God:
Gold:   150        SH: 10    Dex: 13    Spells: 3/3 levels left

rFire    . . .     SeeInvis .   a - +0 long sword
rCold    . . .     Gourm    .   c - +0 shield
rNeg     . . .     Faith    .   b - +0 scale mail
rPois    .         Spirit   .   (helmet restricted)
rElec    .         Reflect  .   h - scarf {cloud immunity}
rCorr    .         Harm     .   (no gloves)
MR       .....                  (boots unavailable)
Stlth    ..........             (no amulet)
Regen    0.1/turn               (no ring)
MPRegen  0.1/turn               (no ring)

@: mighty
A: beak, talons 3
a: no special abilities


You were on level 3 of the Dungeon.
You were not hungry.

You visited 1 branch of the dungeon, and saw 3 of its levels.

You collected 150 gold pieces.

Inventory:

Hand Weapons
 a - a +0 long sword (weapon)
 u - a +1 short sword of venom
Armour
 b - a +0 scale mail (worn)
 c - a +0 shield (worn)
 h - a scarf of cloud immunity (worn)
Scrolls
 e - a scroll of teleportation {unknown}
 g - 2 scrolls of identify {unknown}
 j - a scroll of enchant weapon {unknown}
 l - 2 scrolls of fog {unknown}
 m - 2 scrolls of random uselessness {unknown}
 n - 2 scrolls of fear {unknown}
 o - a scroll of immolation {unknown}
 t - 2 scrolls of amnesia {unknown}
Potions
 q - a potion of haste {unknown}
 r - a potion of degeneration {unknown}
 s - a potion of lignification {unknown}
Comestibles
 f - 6 bread rations
 k - 2 meat rations
 p - a chunk of flesh


   Skills:
 - Level 3.0 Fighting
 * Level 4.0 Long Blades
 - Level 3.2 Armour
 + Level 4.0 Shields


You had 3 spell levels left.
You didn't know any spells.

Dungeon Overview and Level Annotations

Branches:
Dungeon (3/15)

Altars:
Dithmenos
Ru


Innate Abilities, Weirdness & Mutations

You have a beak for a mouth.
You have claws for feet.


Message History

You now have 150 gold pieces (gained 18).
A rat comes into view.
Search for what [? for help]? long blades The rat bites you but does no damage.
You slash the rat!
You kill the rat!
An ogre comes into view. It is wielding a giant club.
The ogre shouts!
The ogre hits you with a giant club!
Ouch! That really hurt!
You barely miss the ogre. Your kick misses the ogre.
The ogre hits you with a giant club!
* * * LOW HITPOINT WARNING * * *
It was a potion of curing.
You feel better. You block the ogre's attack.
You feel very mighty all of a sudden. You block the ogre's attack.
You closely miss the ogre. You claw the ogre!
The ogre is moderately wounded.
The ogre hits you with a giant club!
You die...

#........# #.
#.####.#.# .(
#.####.#.# ###.
#.##.....# #...
#.##.#..## #.#.
#.##.#.#.###.##
#..............
########.....#.#.#.
..# #...#.##.# ##
#O# #.....# #
####@####...### #
#...........# .
#.##.#####...... .
.. ...# #.#####
#..#.#.## #.# #...
#. .# ##. #. ## .
.. .. . .. .. ..


You could see an ogre.

Vanquished Creatures
  A hound skeleton (D:3)
  3 adders
  An ooze (D:1)
  2 worms (D:2)
  A leopard gecko (D:1)
  2 ball pythons
  3 giant cockroaches (D:2)
  2 goblins (D:3)
  3 hobgoblins (D:1)
  6 bats
  2 frilled lizards
  4 kobolds
  5 rats
35 creatures vanquished.

Notes
Turn   | Place    | Note
-------+----------+-------------------------------------------
     0 | D:1      | hilaritas the Tengu Fighter began the quest for the Orb.
     0 | D:1      | Reached XP level 1. HP: 14/14 MP: 2/2
   390 | D:1      | Reached XP level 2. HP: 19/19 MP: 3/3
   861 | D:2      | Found a shadowy altar of Dithmenos.
   877 | D:2      | Reached XP level 3. HP: 19/23 MP: 4/4
   941 | D:2      | Found a sacrificial altar of Ru.
  1774 | D:3      | Reached XP level 4. HP: 26/28 MP: 5/5
  1978 | D:3      | Noticed an ogre
  1980 | D:3      | HP: 1/28 [ogre/giant club (10)]
  1983 | D:3      | Slain by an ogre

Skill      XL: |  1  2  3  4 |
---------------+-------------+-----
Long Blades    | 3 4 |  4.0
Shields        | 4 |  4.0
Fighting       | |  3.0
Armour         | |  3.2

Action                   |  1- 3 |  4- 6 || total
-------------------------+-------+-------++-------
Melee: Long sword        |    62 |     9 ||    71
       Kick              |    14 |     3 ||    17
       Peck              |     7 |     1 ||     8
  Use: Potion            |       |     2 ||     2
  Eat: Chunk             |     3 |       ||     3
Armor: Scale mail        |    25 |     5 ||    30
Dodge: Dodged            |    15 |     1 ||    16
Block: Shield            |    23 |     2 ||    25
       Rpst.: Long sword |     2 |       ||     2
